 Dungeon Crawl Stone Soup version 0.20-a0-548-g4f8a798 (webtiles) character file.

39 Lahna the Conjurer (level 3, -5/19 HPs)
             Began as a Deep Elf Conjurer on Feb 1, 2017.
             Slain by Terence
             ... wielding a +2 flail of protection
              (6 damage)
             ... on level 1 of the Dungeon.
             The game lasted 00:03:15 (1042 turns).

Lahna the Conjurer (Deep Elf Conjurer)              Turns: 1042, Time: 00:03:15

Health: -5/19      AC:  2    Str:  5    XL:     3   Next: 26%
Magic:  13/18      EV: 13    Int: 20    God:
Gold:   25         SH:  0    Dex: 15    Spells: 5/8 levels left

rFire    . . .     SeeInvis .   j - +1 hand axe (elec)
rCold    . . .     Gourm    .   a - +0 robe
rNeg     + . .     Faith    .   (no shield)
rPois    .         Spirit   .   (no helmet)
rElec    .         Reflect  .   (no cloak)
rCorr    .         Harm     .   (no gloves)
MR       .....                  (no boots)
Stlth    ++........             (no amulet)
Regen    0.1/turn               k - ring of magical power
                                l - ring of positive energy (curse)

@: no status effects
A: no striking features
a: no special abilities


You were on level 1 of the Dungeon.
You were not hungry.

You visited 1 branch of the dungeon, and saw 2 of its levels.

You collected 25 gold pieces.

Inventory:

Hand Weapons
 j - a +1 hand axe of electrocution (weapon)
Armour
 a - a +0 robe (worn)
Jewellery
 k - a ring of magical power (right hand)
 l - a cursed ring of positive energy (left hand)
Scrolls
 d - a scroll of remove curse {unknown}
 f - a scroll of blinking {unknown}
 h - a scroll of identify {unknown}
Potions
 e - a potion of resistance {unknown}
 g - a potion of heal wounds {unknown}
 i - a potion of flight {unknown}
 m - a potion of curing {unknown}
Books
 b - a book of Conjurations

   Spells                             Type                      Level
   a - Magic Dart                     Conjuration                  1
   b - Searing Ray                    Conjuration                  2
   c - Dazzling Spray                 Conjuration/Hexes            3
   d - Fulminant Prism                Conjuration/Hexes            4
   e - Iskenderun's Mystic Blast      Conjuration                  4
   f - Iskenderun's Battlesphere      Conjuration/Charms           5
Comestibles
 c - 2 bread rations
 n - 4 chunks of flesh


   Skills:
 - Level 2.4 Dodging
 - Level 2.4 Stealth
 - Level 3.0 Spellcasting
 + Level 5.6 Conjurations


You had 5 spell levels left.
You knew the following spells:

 Your Spells              Type           Power        Failure   Level  Hunger
a - Magic Dart            Conj           ####         1%          1    None
b - Searing Ray           Conj           ####..       2%          2    ##.....


Dungeon Overview and Level Annotations

Branches:
Dungeon (2/15)

Altars:

Annotations:
D:1 Terence


Message History

(Press . to maintain the ray.) Terence barely misses you.
The searing ray hits Terence.
Terence is heavily wounded.
Terence completely misses you.
The searing ray hits Terence.
Terence is heavily wounded.
The searing ray hits Terence.
Terence is heavily wounded.
You finish channeling your searing ray.
Terence barely misses you. Terence closely misses you.
Terence hits you with a flail of protection.
* * * LOW HITPOINT WARNING * * *
Terence completely misses you.
Terence hits you with a flail of protection.
* * * LOW HITPOINT WARNING * * *
You barely miss Terence.
Terence is heavily wounded.
Terence hits you with a flail of protection.
You die...

▒▒....▒.▒▒▒(.▒
▒.....▒▒.▒▒..▒
.............▒
......▒▒.▒▒▒.▒
....▒.▒.▒▒ ▒.▒
...▒...▒▒ ▒)▒
..▒▒▒.▒▒
▒.▒▒▒▒▒▒
▒▒▒▒▒)▒
▒......▒
......▒
▒▒▒▒▒▒@▒
▒▒▒▒▒▒▒ ▒@▒ ▒
▒.▒ ▒▒▒▒▒▒▒ ▒.▒
......▒ ▒.▒
▒▒▒▒▒.▒ ▒.▒ ▒.▒
▒.▒
▒.▒▒▒▒▒▒▒▒▒▒▒.▒
▒.............▒


You could see Terence.

Vanquished Creatures
  An adder (D:2)
  2 dart slugs (D:1)
  A leopard gecko (D:1)
  3 hobgoblins (D:1)
  4 kobolds
  A quokka (D:2)
  A bat (D:1)
  4 frilled lizards (D:1)
  6 goblins
  3 rats (D:1)
26 creatures vanquished.

Notes
Turn   | Place    | Note
-------+----------+-------------------------------------------
     0 | D:1      | Lahna the Deep Elf Conjurer began the quest for the Orb.
     0 | D:1      | Reached XP level 1. HP: 10/10 MP: 6/6
   243 | D:1      | Reached skill level 5 in Conjurations
   243 | D:1      | Reached XP level 2. HP: 10/15 MP: 5/8
   525 | D:1      | Learned a level 2 spell: Searing Ray
   900 | D:2      | Reached XP level 3. HP: 19/19 MP: 9/9
   977 | D:2      | Noticed Terence
  1042 | D:1      | Slain by Terence

Vault maps used:
D:1:      onia_arrival_mini_spirals, minmay_stone_trees_small
D:2:      grunt_gozag_breadcrumbs, nicolae_ru_path_of_blood, uniq_terence

Skill      XL: |  1 |
---------------+----+-----
Conjurations   | 5 |  5.6
Dodging        | |  2.4
Stealth        | |  2.4
Spellcasting   | |  3.0

Action                   || total
-------------------------++-------
Melee: Unarmed           ||     2
       Hand axe          ||     8
 Cast: Magic Dart        ||    46
       Searing Ray       ||     2
Dodge: Dodged            ||    14
